Map: Dédale EC

Players

HoldTheDoor - Winner!

  • Race: Protoss Protoss
  • League: Diamond
  • Spawn Location: 1:00

lllllllllll

  • Race: Zerg Zerg
  • League: Diamond
  • Spawn Location: 7:00

VOD

Have the link to the VOD?

Description

Time

  • Played on: July 10, 2018, 9:55 a.m.
  • Length: 9:52
Show
View Real Time Build Order
Export as new Build Order

HoldTheDoor Protoss - Winner!

Build Orders:  

Get SALT Encoding   

  12  0:00  Probe  
  13  0:12  Probe  
  14  0:19  Pylon  
  14  0:24  Probe  
  15  0:36  Probe  
  15  0:40  Gateway  
  16  0:44  Probe  
  16  0:45  Assimilator  
  17  0:52  Probe  
  18  1:15  Gateway  
  18  1:17  Probe  
  19  1:19  Assimilator  
  19  1:22  Pylon  
  19  1:27  Zealot  
  19  1:29  Cybernetics Core  
  19  1:39  Probe  
  22  1:51  Probe  
  23  2:03  Probe  
  23  2:06  Adept  
  23  2:07  Adept  
  28  2:13  Warp Gate  
  28  2:15  Probe  
  29  2:19  Pylon  
  29  2:27  Probe  
  30  2:37  Sentry  
  30  2:39  Probe  
  33  2:47  Twilight Council  
  33  2:51  Probe  
  34  3:04  Probe  
  35  3:08  Nexus  
  35  3:11  Sentry  
  37  3:16  Probe  
  38  3:25  Pylon  
  38  3:28  Probe  
  39  3:35  Robotics Facility  
  39  3:38  Resonating Glaives  
  39  3:44  Probe  
  40  3:56  Probe  
  40  4:01  Pylon  
  41  4:09  Probe, Gateway  
  42  4:18  Sentry  
  42  4:20  Probe  
  42  4:21  Probe  
  42  4:22  Warp Prism  
  48  4:28  Adept  
  50  4:33  Probe  
  50  4:35  Probe  
  52  4:39  Gateway  
  52  4:51  Adept x2  
  56  4:54  Probe  
  56  4:55  Probe  
  58  5:05  Immortal  
  58  5:06  Probe  
  58  5:07  Probe  
  64  5:18  Adept x2  
  68  5:24  Gateway  
  68  5:25  Gateway  
  68  5:27  Gateway  
  68  5:37  Pylon  
  68  5:55  Immortal  
  72  5:58  Pylon  
  72  6:02  Pylon  
  72  6:04  Pylon  
  72  6:06  Pylon  
  72  6:07  Pylon  
  72  6:11  Gateway  
  72  6:13  Gateway  
  72  6:16  Pylon  
  72  6:18  Adept x4  
  80  6:36  Adept x3  
  86  6:50  Pylon  
  86  6:51  Pylon  
  86  6:53  Pylon  
  86  6:57  Pylon  
  86  7:01  Adept x4  
  86  7:02  Adept x3  
  86  7:06  Adept  
  102  7:08  Adept  
  102  7:14  Observer  
  105  7:27  Adept x3  
  105  7:28  Adept x3  
  105  7:38  Adept  
  105  7:39  Adept x2  
  97  7:57  Adept x2  
  97  7:58  Adept x3  
  107  7:59  Adept  
  107  8:00  Adept  
  109  8:12  Gateway  
  107  8:22  Adept x4  
  107  8:23  Adept  
  114  9:03  Warp Prism  
  112  9:10  Adept x2  
  112  9:11  Adept x6  
Show
View Real Time Build Order
Export as new Build Order

lllllllllll Zerg 

Build Orders: Pool First 

Get SALT Encoding   

  12  0:00  Drone  
  13  0:13  Overlord  
  13  0:17  Drone  
  14  0:31  Drone x2  
  16  0:37  Drone  
  17  0:45  Spawning Pool  
  17  0:48  Drone  
  17  0:50  Extractor  
  16  0:58  Drone  
  17  1:08  Drone  
  18  1:20  Overlord  
  19  1:32  Zergling x2  
  19  1:34  Queen  
  21  1:41  Zergling x2  
  22  1:51  Metabolic Boost  
  22  1:53  Zergling x2  
  23  1:58  Hatchery  
  22  2:02  Zergling x2  
  23  2:10  Queen  
  25  2:17  Zergling x2  
  26  2:24  Drone  
  27  2:46  Drone  
  27  2:47  Drone x2  
  30  2:53  Overlord  
  30  3:09  Queen  
  32  3:13  Drone  
  32  3:14  Drone x3  
  35  3:28  Drone x4  
  35  3:31  Spore Crawler  
  35  3:32  Spore Crawler  
  37  3:35  Drone x2  
  39  3:47  Hatchery, Drone  
  39  3:48  Drone  
  40  4:03  Extractor  
  40  4:04  Extractor  
  40  4:06  Drone x5  
  43  4:27  Overlord x3  
  43  4:48  Lair  
  43  4:59  Queen  
  45  5:08  Queen  
  47  5:30  Drone  
  47  5:31  Drone x17  
  65  6:05  Evolution Chamber  
  65  6:08  Evolution Chamber  
  65  6:09  Roach Warren  
  62  6:14  Roach Warren  
  62  6:19  Drone x4  
  62  6:20  Drone  
  62  6:21  Drone  
  68  6:26  Zergling x12  
  68  6:28  Overlord  
  68  6:29  Overlord x2  
  68  6:30  Overlord  
  68  6:31  Zerg Missile Weapons Level 1  
  74  6:33  Zerg Ground Armor Level 1  
  74  6:48  Drone x3  
  74  6:53  Overseer  
  77  6:54  Overseer  
  77  6:55  Overseer  
  77  6:56  Overseer  
  77  6:59  Spine Crawler  
  77  7:00  Spine Crawler  
  75  7:01  Spine Crawler  
  75  7:02  Spine Crawler x2  
  75  7:03  Spine Crawler  
  75  7:04  Roach x8, Spine Crawler  
  75  7:05  Roach x3  
  92  7:11  Queen x2  
  98  7:33  Roach x4  
  98  7:34  Roach  
  87  7:51  Roach  
  87  7:52  Roach x5  
  69  8:17  Roach x5  
  69  8:18  Roach  
  73  8:25  Ravager x4  
  77  8:29  Roach x2  
  81  8:54  Zergling x8  
  47  9:17  Zergling x8  
Tags
 
Matchup
PvZ
Opening
Pool First
Spawn Locations
Cross Positions
Add a new tag
Caveats
  • Supply blocks, unpowered buildings, or Contaminate may cause inaccurate times.
  • Supply counts are checked every 10 seconds.